cohdb
Replays
Latest Replays
All Replays
Popular Replays
Top Player Replays
Match Explorer
How It Works
Community
CoH3 Stats
Reddit
Sign in to upload your games and track your stats! →
Sign in with Steam
Match 41295405
Unlisted
Match 41295405
Overview
Messages
Build Orders
End
Selects Italian Infantry
Kradschützen Motorcycle Team
Panzerpioneer Squad
250 Light Carrier
Construct Light Support Kompanie
MG34 Team
Panzerjäger Squad
2.5-tonne Medical Truck
Assault Mechanized Group
Fire Support Elements
Flakvierling Half-track
Pak 38 Anti-tank Gun Team
Pak 38 Anti-tank Gun Team
Selects Guastatori Squad
Selects Defensive Operations
Guastatori Squad
Construct Panzerarmee Kommand
UH|dun! ツ
McVodka
HvM
ClemNox
Dévastro
esparde
0
0
Comments
sign in to comment!
No comments posted yet!